Map: [ESL] Goldenaura

Players

eGGz

  • Race: Zerg Zerg
  • Spawn Location: 5:00

MCanning - Winner!

  • Race: Protoss Protoss
  • Spawn Location: 12:00

Event: ESL SC2 Masters 2024 Spring (Regional)

VOD

Have the link to the VOD?

Description

Time

  • Played on: April 14, 2024, 11:46 a.m.
  • Length: 10:03

All games in this series

Show
View Real Time Build Order
Export as new Build Order

eGGz Zerg 

Build Orders: Hatch First, Ravager All-In 

Get SALT Encoding   

  12  0:00  Drone  
  13  0:13  Overlord  
  13  0:17  Drone  
  14  0:31  Drone x2  
  16  0:50  Hatchery  
  16  0:52  Drone  
  16  0:56  Drone  
  17  1:06  Drone  
  17  1:10  Extractor  
  17  1:17  Spawning Pool  
  16  1:27  Drone x2  
  18  1:35  Drone  
  18  1:36  Extractor  
  18  2:04  Roach Warren  
  18  2:05  Zergling x4  
  19  2:38  Overlord  
  19  2:43  Roach x4  
  27  2:52  Overlord  
  27  2:59  Roach  
  27  3:03  Ravager x2  
  27  3:04  Ravager  
  32  3:08  Ravager  
  33  3:15  Roach  
  35  3:27  Ravager  
  35  3:33  Roach  
  37  3:34  Drone  
  37  3:41  Zergling x2  
  37  3:42  Zergling x2  
  39  3:51  Ravager  
  39  3:53  Roach  
  39  4:07  Roach x2  
  43  4:12  Ravager  
  39  4:27  Zergling x2, Ravager  
  39  4:28  Zergling x6  
  44  4:33  Overlord  
  42  4:45  Ravager  
  42  4:48  Zergling x2  
  44  4:59  Zergling x8  
  38  5:07  Roach  
  40  5:19  Roach x2  
  41  5:27  Roach  
  35  5:37  Roach  
  35  5:38  Roach  
  37  5:44  Ravager  
  37  5:48  Metabolic Boost  
  35  5:58  Zergling x6  
  35  6:03  Zergling x4  
  40  6:07  Ravager  
  41  6:18  Zergling x6  
  33  6:26  Zergling x2  
  33  6:28  Zergling x2  
  33  6:31  Ravager  
  36  6:34  Zergling x2  
  36  6:38  Roach  
  39  6:44  Roach  
  41  6:51  Roach  
  43  6:56  Zergling x2  
  41  7:07  Zergling x4  
  39  7:15  Ravager  
  39  7:16  Zergling x4  
  39  7:17  Queen  
  39  7:21  Zergling x2  
  45  7:26  Zergling x2  
  45  7:28  Ravager  
  47  7:34  Zergling x2  
  42  7:47  Zergling x6  
  42  7:48  Ravager  
  45  7:56  Zergling x2  
  44  8:05  Zergling x4  
  44  8:09  Zergling x2  
  42  8:20  Zergling x4  
  42  8:24  Zergling x2  
  44  8:33  Zergling x2  
  44  8:34  Zergling x6  
  43  8:43  Zergling x4  
  45  8:51  Roach  
  39  9:03  Roach x2  
  39  9:07  Zergling x2  
  39  9:08  Zergling x4  
  42  9:11  Spore Crawler  
  40  9:20  Zergling x4  
  38  9:40  Zergling x2  
Show
View Real Time Build Order
Export as new Build Order

MCanning Protoss - Winner!

Build Orders: Cannon Rush, Double Forge 

Get SALT Encoding   

  12  0:00  Probe (Chrono Boost)  
  13  0:10  Probe (Chrono Boost)  
  14  0:16  Probe  
  15  0:23  Pylon  
  15  0:41  Forge, Probe  
  16  0:53  Probe  
  16  0:55  Pylon  
  17  1:05  Probe  
  18  1:15  Photon Cannon  
  18  1:16  Gateway  
  18  1:27  Probe  
  18  1:30  Assimilator  
  19  1:39  Photon Cannon, Probe  
  20  1:48  Photon Cannon  
  20  1:52  Probe  
  21  2:04  Probe  
  21  2:07  Cybernetics Core  
  22  2:32  Nexus  
  22  2:41  Stalker (Chrono Boost)  
  22  2:46  Warp Gate  
  22  2:51  Shield Battery  
  24  2:59  Photon Cannon  
  24  3:04  Stalker (Chrono Boost)  
  26  3:14  Shield Battery  
  26  3:20  Pylon  
  26  3:26  Stalker (Chrono Boost)  
  28  3:47  Shield Battery  
  28  3:50  Shield Battery  
  28  3:58  Stalker  
  28  3:59  Forge  
  29  4:08  Shield Battery  
  29  4:14  Probe  
  30  4:26  Shield Battery  
  30  4:34  Photon Cannon  
  30  4:37  Shield Battery  
  30  4:40  Stalker  
  32  4:47  Shield Battery  
  30  5:04  Stalker  
  28  5:11  Photon Cannon  
  28  5:17  Shield Battery  
  28  5:22  Photon Cannon  
  28  5:29  Stalker  
  29  5:41  Probe  
  30  5:45  Probe  
  31  5:53  Probe  
  31  5:54  Stalker  
  34  5:58  Photon Cannon  
  34  6:03  Photon Cannon  
  34  6:05  Probe  
  35  6:19  Stalker  
  35  6:28  Photon Cannon  
  35  6:31  Photon Cannon  
  35  6:32  Probe  
  36  6:42  Stalker  
  36  6:44  Probe  
  36  6:47  Photon Cannon  
  39  6:56  Pylon  
  39  7:05  Probe  
  40  7:10  Stalker, Photon Cannon  
  42  7:19  Twilight Council  
  42  7:28  Shield Battery  
  42  7:30  Probe  
  42  7:34  Stalker  
  45  7:43  Probe  
  44  7:49  Photon Cannon  
  44  7:50  Probe  
  45  7:57  Stalker  
  47  8:01  Probe  
  47  8:04  Dark Shrine  
  46  8:07  Pylon  
  44  8:20  Stalker  
  44  8:25  Photon Cannon  
  46  8:35  Photon Cannon  
  46  8:37  Photon Cannon  
  44  8:45  Stalker, Photon Cannon  
  45  8:49  Probe  
  36  9:16  Dark Templar  
  35  9:18  Probe  
  35  9:21  Probe  
  37  9:33  Probe  
  38  9:41  Shield Battery  
  38  9:45  Probe  
  39  9:48  Stalker  
Tags
 
Add a new tag
Caveats
  • Supply blocks, unpowered buildings, or Contaminate may cause inaccurate times.
  • Supply counts are checked every 10 seconds.